Map: Simulacrum LE

Players

AlexUA - Winner!

  • Race: Protoss Protoss
  • Spawn Location: 5:00

RuFF

  • Race: Terran Terran
  • League: Master
  • Spawn Location: 11:00

VOD

Have the link to the VOD?

Description

Time

  • Played on: Dec. 15, 2019, 10:48 a.m.
  • Length: 20:45
Show
View Real Time Build Order
Export as new Build Order

AlexUA Protoss - Winner!

Build Orders: Carriers 

Get SALT Encoding   

  12  0:01  Probe  
  13  0:13  Probe  
  14  0:19  Pylon  
  14  0:25  Probe (Chrono Boost)  
  15  0:37  Probe (Chrono Boost)  
  15  0:38  Gateway  
  16  0:46  Probe (Chrono Boost)  
  16  0:47  Assimilator  
  17  0:52  Probe  
  18  1:04  Probe  
  19  1:16  Probe  
  20  1:26  Cybernetics Core  
  20  1:28  Assimilator, Probe  
  21  1:35  Pylon  
  21  1:40  Probe  
  22  1:52  Probe  
  23  2:00  Stalker (Chrono Boost)  
  23  2:07  Shield Battery  
  25  2:09  Robotics Facility  
  25  2:12  Probe  
  25  2:15  Warp Gate  
  25  2:24  Probe  
  25  2:26  Stalker  
  28  2:36  Probe  
  29  2:48  Probe  
  28  3:00  Probe  
  28  3:05  Nexus  
  29  3:09  Observer (Chrono Boost)  
  29  3:12  Probe  
  30  3:24  Probe  
  31  3:29  Pylon  
  31  3:37  Gateway  
  31  3:43  Gateway  
  31  3:47  Probe  
  31  3:57  Immortal (Chrono Boost)  
  35  4:06  Stalker  
  35  4:08  Probe  
  38  4:16  Pylon  
  38  4:29  Immortal (Chrono Boost)  
  42  4:34  Shield Battery  
  42  4:38  Probe  
  42  4:43  Probe  
  43  4:49  Shield Battery  
  43  4:50  Probe  
  44  4:57  Probe  
  45  5:02  Probe  
  46  5:09  Probe, Warp Prism  
  49  5:14  Probe (Chrono Boost)  
  49  5:20  Stalker  
  52  5:22  Probe (Chrono Boost)  
  52  5:26  Probe (Chrono Boost)  
  54  5:33  Probe (Chrono Boost)  
  54  5:35  Probe (Chrono Boost), Robotics Bay  
  56  5:38  Probe (Chrono Boost)  
  56  5:40  Probe  
  58  5:45  Observer  
  58  5:47  Probe  
  60  5:53  Probe  
  60  5:56  Robotics Facility  
  61  5:59  Assimilator  
  61  6:00  Probe  
  61  6:01  Assimilator  
  62  6:08  Pylon  
  62  6:17  Probe  
  62  6:23  Observer  
  62  6:28  Stalker  
  62  6:30  Colossus (Chrono Boost)  
  62  6:31  Extended Thermal Lance (Chrono Boost)  
  62  6:32  Pylon  
  68  6:54  Colossus (Chrono Boost)  
  68  6:56  Probe x2  
  76  7:07  Nexus  
  76  7:08  Probe, Twilight Council, Pylon  
  76  7:09  Probe  
  76  7:10  Forge  
  78  7:15  Pylon  
  78  7:28  Probe x2, Pylon  
  84  7:30  Immortal (Chrono Boost)  
  84  7:31  Stalker  
  86  7:42  Stalker x2  
  82  7:58  Probe x2  
  84  8:02  Immortal (Chrono Boost)  
  84  8:05  Stargate  
  88  8:07  Stargate  
  88  8:08  Stargate  
  88  8:10  Blink (Chrono Boost)  
  88  8:15  Assimilator  
  88  8:17  Probe  
  88  8:18  Probe  
  90  8:20  Assimilator  
  90  8:21  Probe  
  91  8:34  Stalker x2  
  91  8:35  Stalker  
  91  8:36  Probe  
  98  8:50  Gateway  
  98  8:51  Pylon  
  98  8:56  Pylon  
  98  8:57  Pylon  
  98  8:58  Pylon, Stalker  
  98  8:59  Probe x2  
  102  9:12  Void Ray (Chrono Boost)  
  102  9:16  Probe  
  102  9:17  Probe  
  112  9:18  Void Ray (Chrono Boost)  
  113  9:24  Probe  
  113  9:28  Probe  
  113  9:29  Fleet Beacon  
  112  9:31  Protoss Ground Weapons Level 1  
  112  9:35  Probe  
  112  9:36  Probe  
  114  9:40  Probe  
  114  9:43  Void Ray (Chrono Boost)  
  119  9:54  Void Ray (Chrono Boost)  
  119  9:55  Probe x2  
  119  9:59  Disruptor  
  132  10:07  Void Ray (Chrono Boost)  
  132  10:19  Void Ray (Chrono Boost)  
  134  10:27  Pylon, Void Ray (Chrono Boost)  
  134  10:30  Nexus  
  134  10:32  Disruptor (Chrono Boost)  
  134  10:33  Unknown  
  138  10:42  Stalker  
  143  10:53  Assimilator  
  143  10:55  Assimilator  
  143  10:57  Void Ray (Chrono Boost)  
  143  10:58  Pylon  
  143  11:00  Photon Cannon  
  143  11:03  Photon Cannon  
  147  11:06  Void Ray  
  151  11:12  Protoss Air Weapons Level 1 (Chrono Boost), Void Ray (Chrono Boost)  
  151  11:18  Stalker  
  156  11:26  Probe x2  
  156  11:27  Probe  
  159  11:36  Disruptor  
  159  11:38  Probe  
  159  11:39  Probe x2, Void Ray (Chrono Boost)  
  165  11:44  Stalker  
  165  11:45  Stalker  
  173  11:50  Probe  
  173  11:51  Void Ray (Chrono Boost)  
  178  12:03  Protoss Ground Weapons Level 2  
  178  12:07  Probe x2  
  180  12:34  Void Ray  
  180  12:39  Pylon x3  
  179  12:57  Void Ray  
  129  13:57  Void Ray x2 (Chrono Boost)  
  129  14:02  Carrier (Chrono Boost)  
  97  14:13  Observer  
  97  14:17  Probe x2  
  93  14:29  Probe x2  
  93  14:31  Assimilator x2  
  94  14:35  Observer  
  101  14:41  Probe  
  102  14:46  Nexus  
  102  14:48  Carrier (Chrono Boost)  
  102  14:55  Void Ray (Chrono Boost)  
  102  15:06  Protoss Air Weapons Level 2  
  102  15:09  Probe  
  102  15:18  Assimilator  
  102  15:32  Assimilator, Pylon  
  102  15:35  Pylon  
  102  15:42  Pylon  
  102  15:45  Pylon  
  102  15:50  Probe x2, Carrier (Chrono Boost)  
  116  15:58  Carrier (Chrono Boost)  
  116  16:00  Probe  
  116  16:02  Probe x2  
  115  16:07  Carrier (Chrono Boost)  
  117  16:12  Probe  
  117  16:14  Probe x2  
  112  16:24  Probe  
  113  16:27  Probe x2  
  115  16:35  Nexus  
  115  16:36  Probe  
  115  16:38  Observer  
  117  16:41  Zealot x3  
  123  16:56  Carrier (Chrono Boost)  
  123  16:59  Observer  
  124  17:03  Zealot  
  124  17:11  Nexus  
  124  17:21  Observer  
  124  17:24  Pylon  
  124  17:27  Pylon  
  130  17:31  Carrier (Chrono Boost)  
  130  17:36  Carrier (Chrono Boost)  
  132  17:49  Probe x2  
  134  18:08  Tempest (Chrono Boost)  
  139  18:13  Probe x3  
  139  18:15  Pylon  
  139  18:19  Assimilator  
  142  18:22  Assimilator  
  142  18:23  Assimilator  
  142  18:25  Assimilator, Tempest (Chrono Boost)  
  147  18:27  Pylon, Photon Cannon  
  147  18:30  Photon Cannon  
  147  18:31  Probe x3  
  150  18:50  Zealot, Photon Cannon  
  150  18:51  Zealot x2  
  150  18:52  Photon Cannon  
  150  18:54  Charge (Chrono Boost)  
  156  18:55  Photon Cannon  
  156  18:56  Shield Battery  
  156  18:58  Pylon  
  129  19:14  Carrier (Chrono Boost)  
  135  19:24  Nexus  
  140  19:34  Probe x3  
  140  19:38  Photon Cannon  
  143  19:39  Carrier (Chrono Boost)  
  143  19:40  Shield Battery  
  143  19:44  Photon Cannon  
  143  19:46  Probe  
  146  20:20  Zealot  
  146  20:21  Zealot x2  
Show
View Real Time Build Order
Export as new Build Order

RuFF Terran 

Build Orders: 2 Factory, Gas First Reaper Expand, Mech 

Get SALT Encoding   

  12  0:00  SCV  
  13  0:13  SCV  
  14  0:19  Supply Depot  
  14  0:25  SCV  
  15  0:29  Refinery  
  15  0:40  SCV  
  16  0:47  Barracks  
  16  0:53  SCV  
  17  1:05  SCV  
  18  1:17  SCV  
  19  1:34  Orbital Command  
  19  1:36  Reaper  
  20  1:48  Command Center  
  20  2:03  Bunker  
  20  2:06  SCV  
  21  2:10  Reaper  
  21  2:27  Factory  
  21  2:28  SCV  
  22  2:32  Refinery  
  22  2:39  Supply Depot  
  22  2:40  SCV  
  23  2:48  Factory  
  23  3:00  Orbital Command, SCV  
  23  3:03  Marine  
  25  3:06  Bunker  
  25  3:12  SCV  
  26  3:14  Widow Mine  
  28  3:26  SCV  
  28  3:27  Marine  
  29  3:30  SCV  
  29  3:32  Supply Depot  
  31  3:34  Factory Tech Lab  
  31  3:38  Factory Tech Lab  
  31  3:40  SCV  
  32  3:44  Marine  
  33  3:54  SCV x2  
  35  4:02  Cyclone  
  38  4:08  Cyclone  
  40  4:13  SCV  
  40  4:14  SCV  
  40  4:16  Marine  
  43  4:25  SCV  
  44  4:32  Engineering Bay  
  44  4:38  Cyclone  
  47  4:39  Mag-Field Accelerator  
  48  4:45  SCV  
  48  4:51  SCV  
  49  4:53  Supply Depot  
  49  4:56  Refinery  
  49  4:57  Refinery, SCV  
  49  4:59  Cyclone  
  53  5:08  SCV  
  54  5:15  Cyclone, Supply Depot  
  54  5:16  SCV, Supply Depot  
  58  5:25  Command Center  
  58  5:33  Cyclone  
  58  5:35  SCV  
  61  5:49  Factory x2  
  61  5:54  SCV, Supply Depot  
  61  5:55  Armory  
  61  5:56  Missile Turret  
  62  5:57  Supply Depot  
  62  6:12  Cyclone x2  
  54  6:54  Factory Tech Lab x2  
  54  6:56  Factory Reactor  
  54  7:04  Thor x2  
  66  7:11  Terran Vehicle Weapons Level 1  
  66  7:13  Ghost Academy  
  66  7:14  Hellion, Barracks  
  68  7:19  SCV  
  68  7:22  Orbital Command  
  69  7:35  Hellion  
  71  7:46  Thor  
  77  7:57  Siege Tank x2  
  71  8:00  Hellion x2  
  71  8:05  SCV x3  
  78  8:17  SCV  
  78  8:19  Orbital Command, SCV  
  81  8:29  Siege Tank x2  
  81  8:32  Hellion  
  81  8:33  Hellion  
  89  8:43  Infernal Pre-Igniter  
  89  8:46  Siege Tank  
  92  8:49  SCV x2  
  92  8:51  SCV  
  92  8:54  Hellion x2  
  97  9:01  Siege Tank, SCV  
  101  9:03  Orbital Command  
  101  9:08  Siege Tank  
  102  9:19  Siege Tank  
  105  9:24  Missile Turret  
  105  9:26  Missile Turret  
  105  9:27  Missile Turret  
  105  9:28  Missile Turret  
  105  9:33  Terran Vehicle Weapons Level 2  
  105  9:37  Armory  
  105  9:38  Barracks Tech Lab  
  105  9:46  Missile Turret, Sensor Tower, SCV  
  106  9:55  Supply Depot  
  106  9:57  Supply Depot  
  106  9:58  Supply Depot  
  106  9:59  SCV x3  
  109  10:14  Refinery  
  109  10:16  SCV  
  109  10:17  Refinery, Hellion x6  
  109  10:19  Hi-Sec Auto Tracking  
  109  10:21  SCV  
  110  10:25  Missile Turret  
  110  10:26  Missile Turret  
  110  10:27  SCV  
  111  10:28  SCV  
  111  10:29  Siege Tank  
  111  10:30  Siege Tank x2  
  121  10:36  SCV  
  122  10:44  Hellion  
  122  10:45  SCV  
  122  10:48  Hellion, Supply Depot x3  
  127  10:50  Terran Vehicle And Ship Armor Level 1  
  127  10:56  SCV  
  128  11:09  Thor x2  
  138  11:30  Siege Tank  
  141  11:35  Starport x2  
  141  11:46  SCV  
  142  11:48  SCV x2  
  142  11:51  Smart Servos  
  142  11:52  Siege Tank, Ghost  
  149  11:58  SCV  
  150  12:09  Hellion x2  
  150  12:10  Hellion x2  
  158  12:20  Ghost  
  158  12:22  Supply Depot  
  160  12:23  Supply Depot  
  160  12:49  Missile Turret, Ghost  
  162  12:55  Widow Mine  
  164  13:15  Missile Turret x2  
  164  13:17  Missile Turret  
  164  13:19  Missile Turret x2  
  160  13:24  Missile Turret x3  
  160  13:25  Missile Turret  
  160  13:26  Missile Turret  
  141  13:27  Missile Turret  
  130  13:48  Factory  
  130  13:50  Barracks, Factory  
  130  13:52  Factory  
  63  14:20  Factory  
  52  14:36  Factory Tech Lab x3  
  51  14:38  Missile Turret  
  51  14:40  Barracks Tech Lab  
  51  14:48  Ghost Academy  
  54  15:01  Missile Turret  
  54  15:06  Starport  
  54  15:07  Starport  
  54  15:08  Starport  
  54  15:13  Starport  
  54  15:15  Starport  
  50  15:35  Ghost x2  
  50  15:39  Factory  
  50  15:42  Armory  
  54  15:47  SCV, Factory  
  56  15:57  Widow Mine x3  
  56  16:01  Factory  
  56  16:03  SCV  
  57  16:22  Widow Mine x4  
  57  16:24  Orbital Command  
  53  16:31  Drilling Claws  
  52  16:38  SCV  
  53  16:44  Cyclone  
  53  16:45  Cyclone  
  58  17:01  Factory Tech Lab  
  58  17:03  Cyclone  
  58  17:04  SCV  
  60  17:26  Cyclone  
  63  17:30  SCV  
  63  17:42  SCV  
  57  17:47  Cyclone x2  
  57  17:48  Cyclone  
  63  18:06  Cyclone  
  63  18:07  Widow Mine x2  
  71  18:19  Cyclone, Widow Mine  
  74  18:20  Widow Mine  
  74  18:38  Cyclone  
  74  18:40  Widow Mine  
  79  19:14  Widow Mine  
  77  19:17  Cyclone  
  77  19:22  Widow Mine x2  
  77  19:23  Widow Mine  
  70  19:43  Widow Mine x2  
  70  19:44  Widow Mine  
Tags
 
Add a new tag
Caveats
  • Supply blocks, unpowered buildings, or Contaminate may cause inaccurate times.
  • Supply counts are checked every 10 seconds.